 Dungeon Crawl Stone Soup version 0.14-a0-1330-g3eed206 (webtiles) character file.

311 MackTheKnife the Spear-Bearer (level 5, 0/38 HPs)
             Began as a Merfolk Death Knight on Dec 6, 2013.
             Was a Believer of Yredelemnul.
             Slain by an ice beast (11 damage)
             ... on Level 3 of the Dungeon.
             The game lasted 00:06:24 (3651 turns).

MackTheKnife the Spear-Bearer (MfDK)                Turns: 3651, Time: 00:06:25

HP   0/38        AC  4     Str 13      XL: 5   Next: 61%
MP   7/8         EV 11     Int 11      God: Yredelemnul [**....]
Gold 129         SH  0     Dex 14      Spells:  0 memorised,  4 levels left

rFire  . . .     SeeInvis +     a - +2,+1 spear
rCold  . . .     Clarity  .     b - +0 leather armour
rNeg   . . .     Conserve .     (no shield)
rPois  .         rCorr    .     k - +0 helmet
rElec  .         rRot     .     (no cloak)
SustAb . .       Spirit   .     (no gloves)
rMut   .         Warding  .     (no boots)
Saprov . . .     Stasis   .     (no amulet)
                                o - ring of protection from magic
                                m - ring of see invisible

@: somewhat resistant to hostile enchantments, unstealthy
A: change form in water, swift swim
a: Animate Remains, Recall Undead Slaves, Injury Mirror, Renounce Religion


You were on level 3 of the Dungeon.
You worshipped Yredelemnul.
Yredelemnul was pleased with you.
You were hungry.

You visited 1 branch of the dungeon, and saw 3 of its levels.

You collected 129 gold pieces.


   Skills:
 - Level 2.1 Fighting
 + Level 8.2 Polearms
 - Level 0.6 Armour
 - Level 1.3 Dodging
 - Level 3.0 Invocations


You had 4 spell levels left.
You didn't know any spells.

Inventory:

Hand weapons
 a - a +2,+1 spear (weapon)
 f - a +0 elven blowgun
 n - a cursed -2,-3 short sword
 p - a +2,+3 elven short sword of freezing (quivered)
Missiles
 i - 5 poisoned needles
Armour
 b - a +0 leather armour (worn)
 k - a +0 helmet (worn)
Magical devices
 t - a wand of confusion (11)
Comestibles
 c - 3 bread rations
 g - a meat ration
 l - an apple
 s - a choko
Scrolls
 d - a scroll of magic mapping
 e - a scroll of teleportation
 q - a scroll of identify
Jewellery
 m - a ring of see invisible (left hand)
 o - a ring of protection from magic (right hand)
Potions
 h - a potion of flight {unknown}
 r - a potion of heal wounds {unknown}

▒·▒ ▒▒▒▒▒'▒▒ ▒▒··P···· ▒▒·▒ ▒·▒
▒▒PP♣♣·▒▒ ▒·%▒ ▒·▒▒ ▒···♣♣·PP
▒▒·▒▒▒ ▒··▒ ▒P··♣P··P ▒····▒ ▒▒·▒
▒▒P·P♣··♣ ▒····▒ ▒▒▒▒'▒▒ ▒·······
▒····▒ ▒·····▒ ▒····▒··
▒····▒▒▒▒▒▒▒▒▒·····▒▒▒▒▒▒▒▒······
▒>··Z▒····(··')·mY·'········▒▒▒▒▒
▒······▒▒▒▒▒▒▒···Z·▒▒▒▒▒▒▒▒▒▒
▒····▒▒▒ ▒▒▒'▒▒▒ ▒▒▒▒▒▒ ▒··▒ ▒▒·▒
▒▒▒▒▒▒'▒▒ ▒··<····▒ ▒·······▒
▒·······▒▒▒▒▒▒▒▒▒▒▒▒▒▒


You could see an ice beast and a friendly centaur zombie.


Message History

You reach to attack!
You barely miss the ice beast.
The ice beast is moderately wounded.
Your centaur zombie hits the ice beast.
Attack whom?
Aim: an ice beast (heavily wounded)
You reach to attack!
You closely miss the ice beast.
The ice beast is heavily wounded.
You barely miss the ice beast.
The ice beast is heavily wounded.
The ice beast hits you. The ice beast freezes you!
You hit the ice beast.
The ice beast is heavily wounded.
Unknown command.
You hit the ice beast but do no damage.
The ice beast is heavily wounded.
The ice beast barely misses you.
You hit the ice beast.
The ice beast is severely wounded.
The ice beast hits you. The ice beast freezes you!
* * * LOW HITPOINT WARNING * * *
You hit the ice beast.
The ice beast is severely wounded.
Your centaur zombie hits the ice beast.
You hit the ice beast.
The ice beast is almost dead.
The ice beast hits you.
* * * LOW HITPOINT WARNING * * *
The ice beast freezes you!
You die...
Your body rises from the dead as a mindless zombie.

Action                   |  1- 3 |  4- 6 || total
-------------------------+-------+-------++-------
Melee: Spear             |   114 |   109 ||   223
 Fire: Blowgun           |       |     1 ||     1
Invok: Animate Remains   |     1 |     6 ||     7
Evoke: Wand              |       |     1 ||     1
  Use: Scroll            |     8 |     2 ||    10
       Potion            |     1 |     2 ||     3

Vault maps used:
D:1:      dpeg_entry_pits
D:3:      serial_forest, infiniplex_forest_straight_2,
          infiniplex_forest_lined_room_2, infiniplex_forest_zigzag_1,
          infiniplex_forest_clump_double, infiniplex_forest_straight_4,
          infiniplex_forest_clump_long, infiniplex_forest_end_2,
          nrook_mini_backslash

Notes
Turn   | Place    | Note
--------------------------------------------------------------
     0 | D:1      | MackTheKnife, the Merfolk Death Knight, began the quest for the Orb.
     0 | D:1      | Reached XP level 1. HP: 16/16 MP: 2/2
   210 | D:1      | Reached skill level 4 in Polearms
   210 | D:1      | Reached XP level 2. HP: 22/22 MP: 3/3
   789 | D:2      | Reached skill level 5 in Polearms
   789 | D:2      | Reached XP level 3. HP: 12/27 MP: 5/5
  1235 | D:2      | Acquired Yredelemnul's second power
  1606 | D:2      | Reached skill level 6 in Polearms
  1606 | D:2      | Reached XP level 4. HP: 14/33 MP: 6/6
  2570 | D:3      | Noticed an ogre
  2682 | D:3      | Noticed an ice beast
  3198 | D:3      | Reached skill level 7 in Polearms
  3208 | D:3      | Noticed a centaur
  3322 | D:3      | Killed a centaur
  3322 | D:3      | Reached skill level 8 in Polearms
  3322 | D:3      | Reached XP level 5. HP: 13/38 MP: 8/8
  3651 | D:3      | Slain by an ice beast

Vanquished Creatures
  A centaur (D:3)
  5 adders
  A worm (D:2)
  2 giant geckos (D:2)
  An orc (D:3)
  3 ball pythons
  2 bats
  2 giant cockroaches
  4 hobgoblins
  8 kobolds
  7 giant newts
  7 goblins
  2 jackals (D:1)
  7 rats
52 creatures vanquished.

Vanquished Creatures (collateral kills)
  A hobgoblin (D:3)
1 creature vanquished.

Vanquished Creatures (others)
  An adder zombie (D:3)
  A giant cockroach zombie (D:3)
  A goblin zombie (D:2)
  A hobgoblin zombie (D:3)
  A kobold zombie (D:3)
  A plant (D:3)
6 creatures vanquished.

Grand Total: 59 creatures vanquished
